 Dungeon Crawl Stone Soup version 0.29-a0-352-g0917bc69df (webtiles) character file.

Game seed: 14961357190066450430

50 Zeldest the Grave Robber (level 3, -3/32 HPs)
             Began as a Troll Necromancer on Apr 25, 2022.
             Slain by Terence
             ... wielding a +0 flail
              (10 damage)
             ... on level 3 of the Dungeon.
             The game lasted 00:03:39 (707 turns).

Zeldest the Grave Robber (Troll Necromancer)         Turns: 707, Time: 00:03:40

Health: -3/32      AC:  4    Str: 16    XL:     3   Next: 55%
Magic:  4/4        EV: 10    Int: 13    God:
Gold:   120        SH:  0    Dex: 10    Spells: 3/4 levels left

rFire   . . .      SeeInvis .   (no weapon)
rCold   . . .      Faith    .   (no shield)
rNeg    . . .      Spirit   .   a - +0 robe
rPois   .          Reflect  .   (helmet restricted)
rElec   .          Harm     .   (no cloak)
rCorr   .          Rampage  .   (gloves unavailable)
Will    .....                   (boots unavailable)
Stlth   +.........              d - amulet of the acrobat
HPRegen 0.90/turn               (no ring)
MPRegen 0.09/turn               (no ring)

@: no status effects
A: large, unfitting armour, claws 3, regeneration 1, shaggy fur 1, tough skin 1
a: no special abilities


You were on level 3 of the Dungeon.
You visited 1 branch of the dungeon, and saw 3 of its levels.

You collected 120 gold pieces.

Inventory:

Armour
 a - a +0 robe (worn)
Magical Staves
 l - a staff of earth
 s - a staff of conjuration
Jewellery
 d - an amulet of the acrobat (around neck)
 f - an amulet of reflection
Scrolls
 c - a scroll of teleportation {unknown}
 e - 4 scrolls of identify {unknown}
 g - 2 scrolls of noise {unknown}
 h - a scroll of vulnerability {unknown}
 k - a scroll of blinking {unknown}
 m - a scroll of fog {unknown}
 n - a scroll of fear {unknown}
 q - a scroll of enchant weapon {unknown}
 r - a scroll of enchant armour {unknown}
 u - a scroll of immolation {unknown}
Potions
 b - a potion of magic
 i - a potion of heal wounds {unknown}
 j - a potion of haste {unknown}
 o - a potion of lignification {unknown}
 p - a potion of mutation {unknown}
 t - a potion of might {unknown}


   Skills:
 + Level 0.5 Fighting
 - Level 1.9 Dodging
 - Level 1.2 Stealth
 + Level 0.8 Unarmed Combat
 - Level 1.4 Spellcasting
 + Level 3.6 Necromancy
 + Level 0.5 Earth Magic


You had 3 spell levels left.
You knew the following spells:

 Your Spells              Type           Power      Damage    Failure   Level
a - Pain                  Necr           40%        1d6       6%          1

Your spell library contained the following spells:

 Spells                   Type           Power      Damage    Failure   Level
 Animate Skeleton         Necr           20%        N/A       6%          1
 Vampiric Draining        Necr           10%        2d6       19%         3
 Apportation              Tloc           0%         N/A       26%         1
 Gell's Gravitas          Tloc           0%         N/A       63%         3
 Lesser Beckoning         Tloc           0%         N/A       63%         3
 Teleport Other           Tloc           0%         N/A       63%         3
 Animate Dead             Necr           5%         N/A       52%         4
 Agony                    Necr           10%        N/A       86%         5
 Alistair's Intoxication  Tmut/Pois      0%         N/A       100%        5


Dungeon Overview and Level Annotations

Branches:
Dungeon (3/15)

Altars:
Okawaru

Annotations:
D:3 Terence


Innate Abilities, Weirdness & Mutations

You are too large for most types of armour.
You have claws for hands.
Your natural rate of healing is unusually fast.
You are covered in fur. (AC +1)
You have tough skin. (AC +1)


Message History

You scratch the orc.
You kill the orc!
Terence the Incautious comes into view.
He is wielding a +0 flail and wearing a +0 chain mail of positive energy.
The goblin hits you but does no damage.
Terence shouts!
You claw the goblin!
You kill the goblin!
You see here a +0 club.
Okay, then.
Terence shouts, "Now you die!"
You claw Terence!
Terence is heavily wounded.
Terence misses you.
A hobgoblin comes into view.
You scratch Terence.
Terence is heavily wounded.
Terence closely misses you.
You barely miss Terence.
Terence is heavily wounded.
Terence hits you but does no damage.
You scratch Terence but do no damage.
Terence is heavily wounded.
Terence hits you with a +0 flail!
You closely miss Terence.
Terence is heavily wounded.
Terence closely misses you.
You scratch Terence but do no damage.
Terence is heavily wounded.
Terence hits you with a +0 flail!
You scratch Terence but do no damage.
Terence is heavily wounded.
Terence hits you with a +0 flail.
You scratch Terence.
Terence is severely wounded.
Terence hits you with a +0 flail.
* * * LOW HITPOINT WARNING * * *
You scratch Terence but do no damage.
Terence is severely wounded.
Terence hits you with a +0 flail!
You die...

...# ..##
... ...
##.## ####
.g.
....####@#
#...#.@#
#...)##
##....#
...####.##)#
#......# ...
########
####


You could see Terence and a hobgoblin.

Vanquished Creatures
  3 dart slugs
  An orc (D:3)
  6 endoplasms
  A giant cockroach (D:2)
  4 goblins
  5 hobgoblins
  3 jackals (D:1)
  5 kobolds
  2 quokkas (D:1)
  A ball python (D:2)
  2 bats
  5 rats
38 creatures vanquished.

Notes
Turn   | Place    | Note
-------+----------+-------------------------------------------
     0 | D:1      | Zeldest the Troll Necromancer began the quest for the Orb.
     0 | D:1      | Reached XP level 1. HP: 16/16 MP: 1/1
   159 | D:1      | Reached XP level 2. HP: 24/24 MP: 3/3
   302 | D:1      | Reached XP level 3. HP: 31/31 MP: 4/4
   632 | D:2      | Found an iron altar of Okawaru.
   693 | D:3      | Noticed Terence
   707 | D:3      | Slain by Terence

Illustrated notes

Levels and vault maps discovered:
D:1:      heliophobic_arrival_battle_scene, layout_rooms
D:2:      layout_basic, basic_altar, minmay_heptomino_d4
D:3:      minmay_inner_zag, layout_rooms, mainiacjoe_overflow_tiny_flanked,
          basic_ecumenical_altar, uniq_robin, uniq_terence

Action                   || total
-------------------------++-------
Melee: Unarmed           ||   117
       Punch             ||     1
 Stab: Sleeping          ||     2
Armor: Robe              ||    39
Dodge: Dodged            ||    80

Table legend: (Time is in decaauts)
 A = Elapsed time spent in this place.
 B = Non-inter-level travel time spent in this place.
 C = Inter-level travel time spent in this place.
 D = Time resting spent in this place.
 E = Time spent auto-exploring this place.
 F = Levels seen in this place.
 G = Mean time per level.
                   A        B        C        D        E       F      G
               +--------+--------+--------+--------+--------+-----+--------+
         Total |    705 |    705 |      0 |      0 |      0 |   3 |  235.0 |
       Dungeon |    705 |    705 |      0 |      0 |      0 |   3 |  235.0 |
               +--------+--------+--------+--------+--------+-----+--------+

Top non-repeatable levels by time:
     D:1: 358 daAuts
     D:2: 321 daAuts
     D:3: 26 daAuts
